AoeStats
← Joaquito

Arena

507624295Analyzed
3v3 RM · 12d ago on Sep 19, 2026· 31m 18s· 6 players
Game mode
Random Map
Map size
Normal (6 player)
Population
200
Speed
Normal
Resources
Standard
Victory
Conquest
Starting age
Dark Age
Ending age
Imperial Age
RankedLock teamsTeams togetherTeam positionsShared explorationLock speedFull tech treeHidden civsTurbo modeCheats
Victory
Defeat
🇨🇱 Mongols · Chile
1112
+15
🇨🇱 Chinese · Chile
1080
+16
🇨🇱 Goths · Chile
1000
+20
🇦🇷 Teutons · Argentina
1113
-18
🇺🇸 Italians · United States
1082
-17
🇨🇳 Bohemians · China
1065
-16
Arzzeus
7:23 Loom
10:19 Feudal Age
15:20 Castle Age
13:43 Double-Bit Axe
21:27 Fletching
23:10 Horse Collar
25:39 Anarchy
25:54 Squires
26:38 Wheelbarrow
26:21 Scale Mail Armor
27:35 Forging
29:32 Iron Casting
29:47 Heavy Plow
29:46 Gold Mining
30:47 Hand Cart
cacadecaca38
11:33 Feudal Age
17:34 Castle Age
19:40 Double-Bit Axe
21:34 Gold Mining
22:23 Fletching
22:59 Padded Archer Armor
26:44 Bodkin Arrow
29:46 Stone Mining
30:35 Gold Shaft Mining
29:42 Horse Collar
30:52 Leather Archer Armor
Joaquito
10:16 Feudal Age
15:02 Castle Age
13:26 Double-Bit Axe
14:24 Loom
18:11 Gold Mining
23:33 Fletching
25:01 Horse Collar
25:56 Bodkin Arrow
30:03 Wheelbarrow
29:45 Bow Saw
Lazerkats
11:45 Feudal Age
10:11 Loom
13:12 Double-Bit Axe
15:15 Wheelbarrow
14:41 Horse Collar
19:12 Castle Age
19:44 Forging
25:51 Sanctity
Jeandecorrouge
5:12 Loom
11:58 Feudal Age
13:25 Double-Bit Axe
13:22 Horse Collar
16:33 Castle Age
17:41 Wheelbarrow
17:26 Forging
18:20 Bow Saw
21:53 Gold Mining
23:53 Stone Mining
26:14 Hand Cart
28:54 Scale Barding Armor
29:25 Iron Casting
King Bourbon
Connection lost

Rejoining the realm…

Still unreachable

The connection could not be restored.

Session expired

The server has moved on; the page needs a fresh start.